 Dungeon Crawl Stone Soup version 0.25.1-2-g60ff931df9 (webtiles) character file.

Game seed: 9328598497176443081

268 Peloso the Covered (level 6, -3/53 HPs)
             Began as a Minotaur Fighter on Aug 21, 2020.
             Killed from afar by a hound (48 damage)
             ... with an exploding inner flame
             ... hexed by the player character
             ... on level 4 of the Dungeon.
             The game lasted 00:04:55 (3000 turns).

Peloso the Covered (Minotaur Fighter)               Turns: 3000, Time: 00:04:55

Health: -3/53      AC:  7    Str: 21    XL:     6   Next: 1%
Magic:  5/5        EV:  8    Int:  5    God:
Gold:   168        SH: 10    Dex: 11    Spells: 5/5 levels left

rFire    x . .     SeeInvis .   a - +0 long sword
rCold    + . .     Gourm    .   c - +0 kite shield
rNeg     . . .     Faith    .   b - +0 scale mail
rPois    .         Spirit   .   (helmet restricted)
rElec    .         Reflect  .   (no cloak)
rCorr    .         Harm     .   (no gloves)
MR       .....                  (no boots)
Stlth    ..........             g - amulet of the acrobat
HPRegen  0.17/turn              m - ring of ice
MPRegen  0.09/turn              (no ring)

@: no status effects
A: retaliatory headbutt, horns 2
a: no special abilities


You were on level 4 of the Dungeon.
You were not hungry.

You visited 1 branch of the dungeon, and saw 4 of its levels.

You collected 168 gold pieces.

Inventory:

Hand Weapons
 a - a +0 long sword (weapon)
Missiles
 x - 28 bolts
Armour
 b - a +0 scale mail (worn)
 c - a +0 kite shield (worn)
Jewellery
 g - an amulet of the acrobat (around neck)
 m - a ring of ice (left hand)
 q - an uncursed ring of wizardry {unknown}
 r - an uncursed amulet of faith {unknown}
Wands
 e - a wand of iceblast (8)
 p - a wand of disintegration (6)
Scrolls
 j - 3 scrolls of fear
 k - a scroll of teleportation
 l - a scroll of amnesia
 t - a scroll of identify
 w - a scroll of enchant weapon {unknown}
Potions
 d - 2 potions of might
 h - a potion of cancellation {unknown}
 n - a potion of mutation {unknown}
 o - a potion of curing {unknown}
 s - a potion of heal wounds {unknown}
 v - a potion of ambrosia {unknown}
Comestibles
 f - 6 rations


   Skills:
 + Level 4.7 Fighting
 + Level 4.9 Long Blades
 + Level 5.1 Armour
 + Level 1.1 Dodging
 + Level 4.6 Shields


You had 5 spell levels left.
You didn't know any spells.
Your spell library contained the following spells:

 Spells                   Type           Power        Failure   Level  Hunger
 Magic Dart               Conj           #...         99%         1    ##.....
 Blink                    Tloc           N/A          100%        2    ###....
 Call Imp                 Summ           #.......     100%        2    ###....
 Slow                     Hex            #.......     100%        2    ###....
 Conjure Flame            Conj/Fire      #.......     100%        3    ####...
 Mephitic Cloud           Conj/Pois/Air  #.......     100%        3    ####...


Dungeon Overview and Level Annotations

Branches:
Dungeon (4/15)
 Temple: D:4-7

Altars:
Cheibriados
Elyvilon


Innate Abilities, Weirdness & Mutations

You reflexively headbutt those who attack you in melee.
You have a pair of horns on your head.


Message History

a +0 dagger; a +0 robe; a +0 war axe; a +0 leather armour; an orc corpse You butcher the orc corpse.
Items here: % )) [[ ÷
As you read the scroll labeled CAMUMI KUTSYI, it crumbles to dust.
The creatures around you are filled with an inner flame!
It was a scroll of immolation.
The hound closely misses you.
You riposte.
You barely miss the hound. Your headbutt misses the hound.
You barely miss the hound.
You headbutt the hound, but do no damage.
The hound barely misses you. You furiously retaliate!
You headbutt the hound!
Flame seeps out of the hound.
Unknown command.
You closely miss the hound. Your headbutt misses the hound.
The hound is heavily wounded.
The hound is engulfed in blazing flames.
The hound explodes!
The fiery explosion engulfs you!!! The fire burns you terribly!
Ouch! That really hurt!
You die...

#..P........
#...........
#..........
#.<.......
#........
######........
#...)..#.#####
#§#####..# ##
#§°@.....##..
#§§.>........
#............
#.........+##
#.........#
######.........#
#.............##
#..###........#
#.............#


There were no monsters in sight!

Vanquished Creatures
  A bullfrog (D:2)
  An orc wizard (D:4)
  A worker ant (D:3)
  3 gnolls
  3 adders
  An ooze (D:2)
  3 worms
  4 dart slugs
  2 leopard geckos (D:2)
  6 orcs
  3 ball pythons
  6 bats
  8 goblins
  3 hobgoblins
  11 jackals
  7 kobolds
  2 frilled lizards
  7 rats
72 creatures vanquished.

Vanquished Creatures (others)
  A kobold (D:3)
1 creature vanquished.

Grand Total: 73 creatures vanquished

Notes
Turn   | Place    | Note
-------+----------+-------------------------------------------
     0 | D:1      | Peloso the Minotaur Fighter began the quest for the Orb.
     0 | D:1      | Reached XP level 1. HP: 19/19 MP: 0/0
    23 | D:1      | Reached XP level 2. HP: 16/27 MP: 1/1
    34 | D:1      | Reached skill level 4 in Armour
   274 | D:1      | Found a snail-covered altar of Cheibriados.
   617 | D:2      | Reached XP level 3. HP: 18/33 MP: 2/2
   917 | D:2      | Noticed a bullfrog
   926 | D:2      | Killed a bullfrog
   926 | D:2      | Reached XP level 4. HP: 24/41 MP: 3/3
  1738 | D:3      | Reached XP level 5. HP: 46/47 MP: 4/4
  2092 | D:3      | Reached skill level 5 in Armour
  2249 | D:3      | Found a white marble altar of Elyvilon.
  2381 | D:3      | Reached skill level 1 in Dodging
  2990 | D:4      | Reached XP level 6. HP: 43/53 MP: 5/5
  3000 | D:4      | Killed from afar by a hound

Illustrated notes

Levels and vault maps discovered:
D:1:      eino_arrival_water_star, layout_rooms, serial_corexii_hall,
          chequers_hall_statues_corner_a, chequers_hall_statues_corner_a,
          cheibriados_altar_1
D:2:      layout_basic, minmay_indecisive_spiral
D:3:      layout_basic, elyvilon_altar_4, first_ration
D:4:      corexii_shantytown, layout_rooms, kiku_gazebo_garden_becter,
          minmay_temple_entry_nine_rooms, serial_shops, shop_scrolls,
          gup_sewer_entry_glass, minmay_stone_trees_small,
          nicolae_ru_great_annihilating_truth

Skill      XL: |  1  2  3  4  5 |
---------------+----------------+-----
Armour         | 4 5 |  5.1
Fighting       | 4 |  4.7
Shields        | 4 |  4.6
Long Blades    | 3 4 |  4.9
Dodging        | 1 |  1.1

Action                   |  1- 3 |  4- 6 || total
-------------------------+-------+-------++-------
Melee: Long sword        |    52 |   111 ||   163
       Headbutt          |     9 |    20 ||    29
  Use: Potion            |     2 |       ||     2
       Scroll            |     3 |     1 ||     4
  Eat: Chunk             |       |     7 ||     7
Armor: Scale mail        |    38 |    43 ||    81
Dodge: Dodged            |    28 |    58 ||    86
Block: Kite shield       |    39 |    60 ||    99
       Rpst.: Long sword |     6 |    17 ||    23
